 Dungeon Crawl Stone Soup version 0.32-a0-918-g0f22ef8d61 (webtiles) character file.

Game seed: 7971184320646888472

254 fozzywoppz the Trooper (level 5, 0/43 HPs)
             Began as a Demonspawn Monk on Apr 10, 2024.
             Slain by a kobold brigand
             ... wielding a +0 dagger
              (3 damage)
             ... in a sewer.
             The game lasted 00:05:20 (2563 turns).

fozzywoppz the Trooper (Demonspawn Monk)            Turns: 2563, Time: 00:05:20

Health: 0/43       AC:  5    Str: 11 (12) XL:     5   Next: 91%
Magic:  0/5        EV: 12    Int: 12      God:
Gold:   33         SH:  0    Dex: 17      Spells: 4/4 levels left

rFire   . .          .
                       - Unarmed
rCold   . . .        c - orb {light}
rNeg    . . .        d - +1 leather armour
rPois   .            (no helmet)
rElec   .            (no cloak)
rCorr   .            (no gloves)
SInv    .            o - +0 pair of boots
Will    .....        e - amulet of guardian spirit
Stlth   +            (no ring)
HPRegen 0.27/turn    (no ring)
MPRegen 0.09/turn

%: guardian spirit
@: glowing, very slow
A: big brain 1, demonic touch 1
a: no special abilities


You were in a sewer.
You visited 1 branch of the dungeon, and saw 3 of its levels.
You also visited: Sewer.

You collected 33 gold pieces.

Inventory:

Missiles
 h - 6 boomerangs (quivered)
Armour
 a - a +0 robe
 c - an orb of light (worn)
 d - a +1 leather armour (worn)
 f - a +0 buckler
 o - a +0 pair of boots (worn)
Jewellery
 b - an amulet of faith
 e - an amulet of guardian spirit (around neck)
Talismans
 i - a flux talisman
Scrolls
 g - a scroll of enchant armour
 k - a scroll of poison
 m - a scroll of revelation {unknown}
 n - a scroll of identify {unknown}


   Skills:
 + Level 4.5 Fighting
 + Level 0.0 Throwing
 + Level 4.1 Dodging
 + Level 4.1 Unarmed Combat


You had 4 spell levels left.
You didn't know any spells.
Your spell library contained the following spells:

 Spells                   Type           Power      Damage    Failure   Level
 Mercury Vapours          Alch/Air       0%         N/A       54%         2
 Mephitic Cloud           Conj/Alch/Air  0%         N/A       78%         3
 Freezing Cloud           Conj/Ice/Air   0%         6-21      100%        5


Dungeon Overview and Level Annotations

Branches:
Dungeon (3/15)              Sewer (1/1)

Altars:

Shops:
D:2 =


Innate Abilities, Weirdness & Mutations

You have an unusually large brain. (Int +2)
Your touch may inflict minor irresistible damage on your foes.


Message History

The kobold brigand hits you with a +0 dagger.
Your unstable footing causes you to fumble your attack.
The kobold brigand hits you with a +0 dagger!
You barely miss the kobold brigand.
The kobold brigand is moderately wounded.
The kobold brigand misses you.
The kobold brigand hits you with a +0 dagger.
* * * LOW HITPOINT WARNING * * *
You hit the kobold brigand but do no damage.
The kobold brigand is moderately wounded.
The kobold brigand splashes around in the water.
You hit the kobold brigand.
The kobold brigand is heavily wounded.
The kobold brigand barely misses you.
The kobold brigand hits you with a +0 dagger.
* * * LOW HITPOINT WARNING * * *
You hit the kobold brigand.
The kobold brigand is heavily wounded.
The kobold brigand hits you with a +0 dagger.
* * * LOW HITPOINT WARNING * * *
Your unstable footing causes you to fumble your attack.
The kobold brigand splashes around in the water.
Your unstable footing causes you to fumble your attack.
You feel yourself speed up.
The kobold brigand hits you but does no damage.
The kobold brigand splashes around in the water.
You aren't carrying any potions.
Unknown command.
Okay, then.
Your unstable footing causes you to fumble your attack.
The kobold brigand closely misses you.
You hit the kobold brigand.
The kobold brigand is severely wounded.
The kobold brigand hits you with a +0 dagger.
* * * LOW HITPOINT WARNING * * *
Unknown command.
Your unstable footing causes you to fumble your attack.
Your unstable footing causes you to fumble your attack.
The kobold brigand hits you with a +0 dagger.
You die...

~≈≈≈≈≈≈≈≈≈≈≈≈≈≈
~≈≈≈~~~~~~~≈~
.~~~~~~~~~.
..K~)~.~.# #~#
#~# #h# #K# #@#
#~# #~# #~# #~#
#~# #~# #~# #~#


You could see a kobold brigand and a jackal.

Vanquished Creatures
  Sigmund (D:2)
  A river rat (Sewer)
  2 adders (D:2)
  2 dart slugs
  4 orcs (D:3)
  4 endoplasms
  6 giant cockroaches
  2 goblins (D:2)
  6 hobgoblins
  A jackal (Sewer)
  7 ball pythons
  4 bats
  6 frilled lizards
  7 kobolds
  13 rats
66 creatures vanquished.

Notes
Turn   | Place    | Note
-------+----------+-------------------------------------------
     0 | D:1      | fozzywoppz the Demonspawn Monk began the quest for the Orb.
     0 | D:1      | Reached XP level 1. HP: 18/18 MP: 1/1
   103 | D:1      | Gained mutation: Your touch may inflict minor irresistible
                  | damage on your foes. [demonic ancestry]
   103 | D:1      | Reached XP level 2. HP: 23/24 MP: 2/2
   706 | D:1      | Gained mutation: You have an unusually large brain. (Int
                  | +2) [demonic ancestry]
   706 | D:1      | Reached XP level 3. HP: 18/29 MP: 3/3
  1497 | D:2      | Found Nunkep's Jewellery Boutique.
  1691 | D:2      | Found a faded altar of an unknown god.
  1701 | D:2      | Noticed Sigmund
  1742 | D:2      | Killed Sigmund
  1743 | D:2      | Reached XP level 4. HP: 24/38 MP: 4/4
  1743 | D:2      | Reached XP level 5. HP: 27/43 MP: 5/5
  2419 | D:3      | Found a glowing drain.
  2423 | Sewer    | Entered a sewer
  2563 | Sewer    | Slain by a kobold brigand

Illustrated notes

Levels and vault maps discovered:
D:1:      dpeg_arrival_prison, layout_basic, minmay_bisected
D:2:      layout_basic, shapermc_ecumenical_altar_mp_vishouse, serial_shops,
          nicolae_shop_window_shopping, supply_closet_lemuel, uniq_sigmund
D:3:      layout_basic, mainiacjoe_sewer_entry_somewhere_in_here_2,
          serial_shops, shop, minmay_increasing_density
Sewer:    sewer_kobolds

Skill      XL: |  1  2  3  4  5 |
---------------+----------------+-----
Dodging        | 3 4 |  4.1
Unarmed Combat | 3 4 |  4.1
Fighting       | 4 |  4.5

Action                     |  1- 3 |  4- 6 || total
---------------------------+-------+-------++-------
  Melee: Unarmed           |   126 |   106 ||   232
  Throw: Boomerang         |     8 |    11 ||    19
    Use: Potion            |     2 |     3 ||     5
         Scroll            |     2 |       ||     2
   Stab: Sleeping          |     1 |       ||     1
 Armour: Robe              |    10 |       ||    10
         Leather armour    |    51 |    44 ||    95
  Dodge: Dodged            |    77 |    57 ||   134

Table legend: (Time is in decaauts)
 A = Elapsed time spent in this place.
 B = Non-inter-level travel time spent in this place.
 C = Inter-level travel time spent in this place.
 D = Time resting spent in this place.
 E = Time spent auto-exploring this place.
 F = Levels seen in this place.
 G = Mean time per level.
                   A        B        C        D        E       F      G
               +--------+--------+--------+--------+--------+-----+--------+
         Total |   2587 |   2534 |     53 |    219 |   1645 |   4 |  646.8 |
       Dungeon |   2420 |   2367 |     53 |    183 |   1605 |   3 |  806.7 |
         Sewer |    166 |    166 |      0 |     36 |     40 |   1 |  166.0 |
               +--------+--------+--------+--------+--------+-----+--------+

Top non-repeatable levels by time:
     D:1: 1191 daAuts
     D:2: 1039 daAuts
     D:3: 189 daAuts
   Sewer: 166 daAuts
